 Dungeon Crawl Stone Soup version 0.17.0-28-g6e173f8 (webtiles) character file.

234 homeworkjunkie the Covert (level 5, -2/26 HPs)
             Began as a Spriggan Assassin on Nov 29, 2015.
             Slain by homeworkjunkie's ghost (7 damage)
             ... on level 5 of the Dungeon.
             The game lasted 00:05:15 (1601 turns).

homeworkjunkie the Covert (Spriggan Assassin)       Turns: 1601, Time: 00:05:15

Health: -2/26      AC:  4    Str:  5 (7)  XL:     5   Next: 75%
Magic:  6/6        EV: 20    Int: 12      God:
Gold:   110        SH:  0    Dex: 19      Spells: 0 memorised, 4 levels left

rFire  . . .     SeeInvis +     q - +2 hunting sling
rCold  . . .     Clarity  .     c - +0 robe
rNeg   . . .     SustAt   .     (shield restricted)
rPois  .         Gourm    .     i - +1 hat
rElec  .         Spirit   .     d - +0 cloak
rCorr  .         Warding  .     (gloves unavailable)
rMut   .         Stasis   .     (boots unavailable)
MR     .....                    (no amulet)
Stlth  +++++.....               (no ring)
                                (no ring)

@: about to teleport, very quick, not resistant to hostile enchantments, quite
stealthy
A: unfitting armour, see invisible, herbivore 3, speed 3, slow metabolism 2
a: no special abilities


You were on level 5 of the Dungeon.
You were not hungry.

You visited 1 branch of the dungeon, and saw 5 of its levels.

You collected 110 gold pieces.

Inventory:

Hand Weapons
 a - a +2 dagger
 b - a +1 blowgun
 q - a +2 hunting sling (weapon)
Missiles
 e - 32 poisoned needles
 f - 2 curare-tipped needles
 k - 12 sling bullets (quivered)
 r - 17 silver sling bullets
Armour
 c - a +0 robe (worn)
 d - a +0 cloak (worn)
 i - a +1 hat (worn)
Wands
 o - a wand of paralysis (6)
Scrolls
 h - 2 scrolls of remove curse
 n - 2 scrolls of recharging
Comestibles
 g - 4 bread rations
 j - a slice of pizza
 l - a royal jelly


   Skills:
 * Level 2.0 Fighting
 * Level 2.8 Short Blades
 * Level 1.4(2.6) Slings
 * Level 2.7(2.9) Throwing
 * Level 4.0 Dodging
 * Level 8.3 Stealth


You had 4 spell levels left.
You didn't know any spells.

Dungeon Overview and Level Annotations

Branches:
Dungeon (5/15)
 Temple: D:4-7

Altars:
Ashenzari
Makhleb
Sif Muna

Annotations:
D:5 Blork the orc; homeworkjunkie's ghost, novice SpAs


Innate Abilities, Weirdness & Mutations

You are tiny and cannot use many weapons and most armour.
You have supernaturally acute eyesight.
You are a herbivore.
You cover ground extremely quickly.
You need consume almost no food.


Message History

You shoot a sling bullet.
The sling bullet barely misses homeworkjunkie's ghost.
Homeworkjunkie's ghost hits you.
Blork the orc gestures at you while chanting.
The puff of frost hits you!
* * * LOW HITPOINT WARNING * * *
Homeworkjunkie's ghost laughs crazily.
You are too injured to fight recklessly!
You are too injured to fight recklessly!
Blork the orc points at you and mumbles some strange words.
The magic dart hits you!
* * * LOW HITPOINT WARNING * * *
You are too injured to fight recklessly!
You aren't carrying any potions.
Read which item? (? for menu, Esc to quit)
As you read the scroll of teleportation, it crumbles to dust.
You feel strangely unstable. Blork the orc completely misses you.
Blork the orc closely misses you. Homeworkjunkie's ghost hits you!
You die...

(.. ..( #########
...# #.......#
...+ #.@.....#
... #.†Wo...#
###'##
#)##.#######....#
#.##...W........#
#.##########....#
#)# #....#
####.##### #....#
#.....(..# #....#
#........# #....#


You could see Blork the orc and homeworkjunkie's ghost.

Vanquished Creatures
  A gnoll sergeant (D:5)
  2 worker ants (D:4)
  5 gnolls (D:5)
  4 adders
  An ooze (D:3)
  An adder skeleton (D:4)
  2 giant geckos
  4 hobgoblins
  6 jackals
  3 kobolds
  2 bats
  2 giant cockroaches
  2 giant newts
  3 goblins (D:1)
38 creatures vanquished.

Notes
Turn   | Place    | Note
--------------------------------------------------------------
     0 | D:1      | homeworkjunkie the Spriggan Assassin began the quest for the Orb.
     0 | D:1      | Reached XP level 1. HP: 10/10 MP: 2/2
   143 | D:2      | Reached skill level 6 in Stealth
   322 | D:3      | Reached XP level 2. HP: 14/14 MP: 3/3
   512 | D:2      | Found a faded altar to an unknown god.
   657 | D:1      | Reached XP level 3. HP: 18/18 MP: 4/4
  1288 | D:3      | Found a burning altar of Makhleb.
  1292 | D:3      | Reached skill level 7 in Stealth
  1329 | D:4      | Found a deep blue altar of Sif Muna.
  1329 | D:4      | Found a shattered altar of Ashenzari.
  1382 | D:4      | Reached XP level 4. HP: 23/23 MP: 5/5
  1507 | D:5      | Entered Level 5 of the Dungeon
  1508 | D:5      | Reached skill level 1 in Slings
  1508 | D:5      | Reached skill level 8 in Stealth
  1508 | D:5      | Reached XP level 5. HP: 26/26 MP: 6/6
  1583 | D:5      | Noticed Blork the orc
  1584 | D:5      | Noticed homeworkjunkie's ghost (novice SpAs)
  1601 | D:5      | Slain by homeworkjunkie's ghost

Action                   |  1- 3 |  4- 6 || total
-------------------------+-------+-------++-------
Melee: Dagger            |    64 |    13 ||    77
 Fire: Hunting sling     |    12 |    13 ||    25
       Blowgun           |       |     8 ||     8
  Use: Scroll            |    10 |     3 ||    13
       Potion            |     2 |       ||     2
 Stab: Sleeping          |    11 |     6 ||    17
       Distracted        |     1 |       ||     1
